 Dungeon Crawl Stone Soup version 0.23.2-1-ga50397a (webtiles) character file.

Game seed: 12644711856467319976

175 suvakkihuora the Chucker (level 5, -1/42 HPs)
             Began as a Demonspawn Hunter on May 5, 2019.
             Slain by an orc priest
             ... wielding a +0 whip
              (3 damage)
             ... on level 5 of the Dungeon.
             The game lasted 00:06:51 (2751 turns).

suvakkihuora the Chucker (Demonspawn Hunter)        Turns: 2751, Time: 00:06:52

Health: -1/42      AC: 12    Str: 14    XL:     5   Next: 29%
Magic:  5/5        EV: 11    Int: 12    God:
Gold:   82         SH:  0    Dex: 13    Spells: 4/4 levels left

rFire    . . .     SeeInvis .     - Unarmed
rCold    + . .     Gourm    .   (no shield)
rNeg     . . .     Faith    .   i - +0 ring mail
rPois    .         Spirit   .   h - +2 hat
rElec    .         Reflect  .   (no cloak)
rCorr    .         Harm     .   (no gloves)
MR       .....                  p - +1 pair of boots
Stlth    +.........             (no amulet)
HPRegen  0.14/turn              (no ring)
MPRegen  0.09/turn              (no ring)

@: no status effects
A: molten scales 2, cold resistance 1
a: no special abilities


You were on level 5 of the Dungeon.
You were not hungry.

You visited 1 branch of the dungeon, and saw 5 of its levels.

You collected 82 gold pieces.

Inventory:

Hand Weapons
 s - a +2 dagger of venom
Missiles
 a - 7 tomahawks
 c - 6 javelins (quivered)
 d - 2 throwing nets
Armour
 h - a +2 hat (worn)
 i - a +0 ring mail (worn)
 p - a +1 pair of boots (worn)
 u - a +0 buckler
Scrolls
 b - a scroll of noise {unknown}
 e - a scroll of fog {unknown}
 j - a scroll of magic mapping {unknown}
 k - a scroll of enchant armour {unknown}
 l - a scroll of immolation {unknown}
 n - a scroll of enchant weapon
Potions
 g - 3 potions of brilliance
 m - 2 potions of invisibility
 q - a potion of cancellation
 r - a potion of berserk rage
 t - a potion of magic
Comestibles
 f - 3 rations
 o - a chunk of flesh


   Skills:
 * Level 3.8 Fighting
 + Level 4.2 Throwing
 - Level 1.7 Dodging
 - Level 0.8 Stealth
 * Level 2.7 Unarmed Combat


You had 4 spell levels left.
You didn't know any spells.
Your spell library contained the following spells:

 Spells                   Type           Power        Failure   Level  Hunger
 Magic Dart               Conj           #...         56%         1    ##.....
 Blink                    Tloc           N/A          71%         2    ###....
 Call Imp                 Summ           #.......     71%         2    ###....
 Slow                     Hex            #.......     71%         2    ###....
 Conjure Flame            Conj/Fire      #.......     90%         3    ####...
 Mephitic Cloud           Conj/Pois/Air  #.......     90%         3    ####...


Dungeon Overview and Level Annotations

Branches:
Dungeon (5/15)
 Temple: D:4-7

Altars:


Innate Abilities, Weirdness & Mutations

You are mostly covered in molten scales. (AC +3)
Your flesh is cold resistant. (rC+)


Message History

The orc priest hits you with a +0 whip.
* * * LOW HITPOINT WARNING * * *
You hit the orc priest but do no damage.
The orc priest is heavily wounded.
The orc priest barely misses you.
You hit the orc priest but do no damage.
The orc priest is heavily wounded.
The orc priest hits you with a +0 whip.
* * * LOW HITPOINT WARNING * * *
You hit the orc priest but do no damage.
The orc priest is heavily wounded.
The orc priest closely misses you.
You hit the orc priest but do no damage.
The orc priest is heavily wounded.
The orc priest hits you with a +0 whip.
* * * LOW HITPOINT WARNING * * *
You hit the orc priest but do no damage.
The orc priest is heavily wounded.
The orc priest hits you with a +0 whip.
You die...

##+#####
+.o@[..#
#...)..#
#####..#
#..#
...#
....#
######


You could see an orc priest.

Vanquished Creatures
  An orc priest (D:4)
  4 adders
  2 oozes (D:2)
  3 worms
  3 dart slugs
  A leopard gecko (D:1)
  5 orcs
  11 bats
  6 giant cockroaches
  4 goblins
  6 hobgoblins
  13 jackals
  8 kobolds
  A ball python (D:1)
  4 frilled lizards
  6 rats
78 creatures vanquished.

Notes
Turn   | Place    | Note
-------+----------+-------------------------------------------
     0 | D:1      | suvakkihuora the Demonspawn Hunter began the quest for the
                  | Orb.
     0 | D:1      | Reached XP level 1. HP: 16/16 MP: 1/1
   282 | D:1      | Gained mutation: You are partially covered in molten
                  | scales. (AC +2) [demonic ancestry]
   282 | D:1      | Reached XP level 2. HP: 19/23 MP: 2/2
   399 | D:1      | Reached skill level 1 in Unarmed Combat
   863 | D:2      | Gained mutation: Your flesh is cold resistant. (rC+)
                  | [demonic ancestry]
   863 | D:2      | Reached XP level 3. HP: 25/28 MP: 3/3
  1542 | D:2      | Reached skill level 4 in Throwing
  1542 | D:2      | Gained mutation: You are mostly covered in molten scales.
                  | (AC +3) [demonic ancestry]
  1542 | D:2      | Reached XP level 4. HP: 32/35 MP: 4/4
  2428 | D:4      | Noticed a phantom
  2472 | D:4      | Reached XP level 5. HP: 20/42 MP: 5/5
  2476 | D:5      | Entered Level 5 of the Dungeon
  2750 | D:5      | HP: 2/42 [orc priest/+0 whip (3)]
  2751 | D:5      | Slain by an orc priest

Skill      XL: |  1  2  3  4 |
---------------+-------------+-----
Unarmed Combat | 1 2 |  2.7
Fighting       | 3 |  3.8
Throwing       | 4 |  4.2
Dodging        | |  1.7
Stealth        | |  0.8

Action                   |  1- 3 |  4- 6 || total
-------------------------+-------+-------++-------
Melee: Unarmed           |   248 |   268 ||   516
       Punch             |     2 |     3 ||     5
Throw: Javelin           |    12 |     1 ||    13
  Use: Scroll            |     1 |     5 ||     6
       Potion            |       |     1 ||     1
 Stab: Sleeping          |       |     1 ||     1
  Eat: Chunk             |     2 |     5 ||     7
Armor: Leather armour    |    18 |       ||    18
       Ring mail         |   103 |   125 ||   228
Dodge: Dodged            |   179 |   165 ||   344
